 Dungeon Crawl Stone Soup version 0.17-a0-1368-g6ab37f2 (webtiles) character file.

6432 Skillabstinenz the Protected (level 10, -1/94 HPs)
             Began as a Minotaur Berserker on June 7, 2015.
             Was an Elder of Trog.
             Engulfed by a cloud of freezing vapour (17 damage)
             ... on level 10 of the Dungeon on June 12, 2015.
             The game lasted 00:44:29 (6437 turns).

Skillabstinenz the Protected (Minotaur Berserker)   Turns: 6437, Time: 00:44:44

Health: -1/94      AC: 18    Str: 22    XL:     10   Next: 67%
Magic:  9/9        EV: 11    Int:  4    God:    Trog [****..]
Gold:   534        SH:  0    Dex: 18    Spells: 0 memorised, 9 levels left

rFire  . . .     SeeInvis .     W - +2 war axe (curse)
rCold  . . .     Clarity  .     I - +0 plate armour
rNeg   . . .     SustAt   .     (no shield)
rPois  .         Gourm    .     (helmet restricted)
rElec  .         Spirit   .     B - +1 cloak
rCorr  .         Warding  .     (no gloves)
rMut   +         Stasis   .     (no boots)
MR     ++...                    C - amulet of resist mutation
Stlth  ..........               A - +5 ring of dexterity
                                u - ring of flight

@: regenerating, very resistant to hostile enchantments, extremely unstealthy
A: retaliatory headbutt, horns 2
a: Burn Spellbooks, Berserk, Trog's Hand, Brothers in Arms, Renounce Religion,
Evoke Flight


You were on level 10 of the Dungeon.
You worshipped Trog.
Trog was greatly pleased with you.
You were not hungry.

You visited 1 branch of the dungeon, and saw 10 of its levels.

You collected 534 gold pieces.

Inventory:

Hand weapons
 p - a +2 hand axe of draining
 G - a +0 whip of freezing
 W - a cursed +2 war axe (weapon)
Missiles
 R - 3 curare-tipped needles
Armour
 B - a +1 cloak (worn)
 I - a +0 plate armour (worn)
 P - a +0 ring mail of cold resistance
Jewellery
 u - a ring of flight (left hand)
 A - a +5 ring of dexterity (right hand)
 C - an amulet of resist mutation (around neck)
 M - a cursed -3 ring of dexterity
Magical devices
 a - a wand of slowing (30)
 i - a wand of frost (24)
 z - a wand of magic darts (25)
 F - a wand of paralysis (12)
 T - a wand of lightning (5)
Scrolls
 b - 4 scrolls of fear {unknown}
 d - 10 scrolls of remove curse
 f - a scroll of immolation {unknown}
 g - 9 scrolls of identify {unknown}
 h - 6 scrolls of enchant weapon {unknown}
 l - a scroll of fog {unknown}
 q - 3 scrolls of blinking {unknown}
 r - 4 scrolls of amnesia {unknown}
 v - 2 scrolls of random uselessness {unknown}
 w - 3 scrolls of teleportation {unknown}
 y - a scroll of enchant armour {unknown}
 D - 3 scrolls of noise {unknown}
 E - 2 scrolls of recharging {unknown}
 O - a scroll of summoning {unknown}
 Q - a scroll of magic mapping {unknown}
Potions
 e - 3 potions of resistance {unknown}
 j - 4 potions of might {unknown}
 n - a potion of haste {unknown}
 o - a potion of curing {unknown}
 t - a potion of mutation {unknown}
 J - a potion of agility
 K - a potion of berserk rage {unknown}
 N - a potion of poison {unknown}
 S - a potion of invisibility {unknown}
Books
 H - a book of Spatial Translocations

   Spells                             Type                      Level
   a - Apportation                    Translocation                1
   b - Blink                          Translocation                2
   c - Shroud of Golubria             Charms/Translocation         2
   d - Portal Projectile              Translocation                3
   e - Teleport Other                 Translocation                3
   f - Passage of Golubria            Translocation                4
   Trog disapproves of the use of such an item.
Comestibles
 c - 10 bread rations
 m - a royal jelly
 s - 6 meat rations
 x - 16 fruits
 L - 8 beef jerkies


   Skills:
 + Level 10.9 Fighting
 * Level 6.4 Maces & Flails
 + Level 13.3 Armour
 + Level 7.2 Dodging
 - Level 0.1 Stealth


You had 9 spell levels left.
You didn't know any spells.

Dungeon Overview and Level Annotations

Branches:
Dungeon (10/15)            Temple (0/1) D:4             Orc (0/4) D:10
   Lair: D:8-11

Altars:
Ashenzari
Cheibriados
Dithmenos
Gozag
Sif Muna
Trog
Xom


Innate Abilities, Weirdness & Mutations

You reflexively headbutt those who attack you in melee.
You have a pair of horns on your head.


Message History

You open the door.
Really walk into a travel-excluded area?
There is an open door here.
You are engulfed in freezing vapours.
Use which ability? (? or * to list)
Your skin crawls.
You feel resistant to hostile enchantments.
You feel slightly more hungry.
You are engulfed in freezing vapours.
You are engulfed in freezing vapours.
You are engulfed in freezing vapours.
You are engulfed in freezing vapours.
* * * LOW HITPOINT WARNING * * *
Found a scroll labeled FIANULO NUEBOU.
You start removing your armour.
You continue taking off your +0 plate armour. x3
You are engulfed in freezing vapours.
* * * LOW HITPOINT WARNING * * *
You continue taking off your +0 plate armour.
You are engulfed in freezing vapours.
You die...

? ###. .. #.....
...################.##.#
###################.....
......§§§§§§§§$$$$#.....
###################.####
§§§§§§§@.......§..#.....
###############8'8#...##
...#........[...........
# #.#.#.#.####.#.......
...#.<......#.####.#..
### #.#.#.##.#.# ......
...#.#....#+##.#.#.#
######.#.........#.#..
...[....'.........#.##.


There were no monsters in sight!

Vanquished Creatures
  Pikel (D:5)
  Joseph (D:8)
  Prince Ribbit (D:9)
  The ghost of Geomchi the Insei, an average OpMo of Cheibriados (D:4)
  3 deep elf magi
  A hungry ghost (D:10)
  Grum (D:9)
  Menkaure (D:6)
  2 hippogriffs (D:7)
  4 wolves (D:9)
  An orc warrior (D:7)
  Duvessa (D:5)
  2 ogres
  An ice beast (D:7)
  2 slaves (D:5)
  The ghost of nataq the Skirmisher, an average DsFi (D:5)
  4 phantoms
  A centaur (D:10)
  A big kobold (D:9)
  Blork the orc (D:5)
  8 giant frogs
  A wyvern zombie (D:6)
  3 scorpions
  Dowan (D:5)
  6 killer bees (D:8)
  9 wights
  3 crimson imps
  A giant frog zombie (D:7)
  A centaur zombie (D:6)
  3 orc priests
  Crazy Yiuf (D:3)
  2 giant frog skeletons
  A quasit (D:8)
  Ijyb (D:2)
  4 hounds
  11 orc wizards
  2 worker ants
  An iguana (D:6)
  A jelly (D:9)
  A hound zombie (D:8)
  A hound skeleton (D:7)
  7 gnolls
  8 adders
  An adder zombie (D:5)
  2 worms
  4 adder skeletons
  3 giant geckos
  18 orcs
  A ball python (D:1)
  A bat skeleton (D:5)
  A bat zombie (D:7)
  7 giant cockroaches
  11 hobgoblins
  12 jackals
  4 quokkas
  10 bats
  A giant gecko zombie (D:5)
  6 giant newts
  13 goblins
  20 kobolds
  16 rats
239 creatures vanquished.

Notes
Turn   | Place    | Note
--------------------------------------------------------------
     0 | D:1      | Skillabstinenz the Minotaur Berserker began the quest for the Orb.
     0 | D:1      | Reached XP level 1. HP: 19/19 MP: 0/0
     0 | D:1      | Upgraded the game from 0.17-a0-1295-gefc790a to 0.17-a0-1332-g9db7d08
    66 | D:1      | Reached skill level 4 in Maces & Flails
    66 | D:1      | Reached XP level 2. HP: 10/27 MP: 1/1
   202 | D:1      | Acquired Trog's second power
   420 | D:1      | Reached XP level 3. HP: 30/33 MP: 2/2
   797 | D:2      | Reached XP level 4. HP: 36/41 MP: 3/3
   864 | D:2      | Found a bloodstained altar of Trog.
  1023 | D:2      | Noticed Ijyb
  1032 | D:2      | Killed Ijyb
  1034 | D:2      | Upgraded the game from 0.17-a0-1332-g9db7d08 to 0.17-a0-1368-g6ab37f2
  1085 | D:2      | Found an opulent altar of Gozag.
  1319 | D:3      | Reached XP level 5. HP: 29/47 MP: 4/4
  1334 | D:3      | Reached skill level 5 in Maces & Flails
  1464 | D:3      | Reached XP level 6. HP: 38/55 MP: 5/5
  1796 | D:3      | Reached skill level 5 in Fighting
  1946 | D:3      | Noticed Crazy Yiuf
  1952 | D:3      | Killed Crazy Yiuf
  2007 | D:3      | Reached skill level 5 in Armour
  2345 | D:4      | Acquired Trog's third power
  2432 | D:4      | Found a staircase to the Ecumenical Temple.
  2504 | D:4      | Found a shattered altar of Ashenzari.
  2638 | D:4      | Noticed Geomchi's ghost (average OpMo)
  2646 | D:4      | Killed Geomchi's ghost
  2646 | D:4      | Reached skill level 6 in Armour
  2646 | D:4      | Reached XP level 7. HP: 45/61 MP: 6/6
  2937 | D:5      | Entered Level 5 of the Dungeon
  2946 | D:5      | Noticed Pikel
  2973 | D:5      | Killed Pikel
  2973 | D:5      | Reached skill level 8 in Armour
  2973 | D:5      | Reached XP level 8. HP: 68/71 MP: 7/7
  3040 | D:5      | Noticed Dowan
  3042 | D:5      | Noticed nataq's ghost (average DsFi)
  3043 | D:5      | Noticed Duvessa
  3047 | D:5      | Killed Dowan
  3056 | D:5      | Killed Duvessa
  3056 | D:5      | Reached skill level 5 in Dodging
  3065 | D:5      | Killed nataq's ghost
  3065 | D:5      | Reached skill level 9 in Armour
  3252 | D:5      | Noticed Blork the orc
  3257 | D:5      | Killed Blork the orc
  3376 | D:5      | Found a snail-covered altar of Cheibriados.
  3741 | D:6      | Found a shimmering altar of Xom.
  3741 | D:6      | Found a shadowy altar of Dithmenos.
  3770 | D:6      | Reached skill level 10 in Armour
  3783 | D:6      | Noticed Menkaure
  3790 | D:6      | Killed Menkaure
  3817 | D:6      | Reached XP level 9. HP: 77/79 MP: 8/8
  4392 | D:7      | Reached skill level 11 in Armour
  4985 | D:8      | Found a deep blue altar of Sif Muna.
  5021 | D:8      | Reached skill level 12 in Armour
  5099 | D:8      | Noticed Joseph
  5110 | D:8      | Killed Joseph
  5110 | D:8      | Reached XP level 10. HP: 83/91 MP: 9/9
  5478 | D:9      | Found an opulent altar of Gozag.
  5522 | D:9      | Received a gift from Trog
  5526 | D:9      | Reached skill level 10 in Fighting
  5810 | D:9      | Noticed Prince Ribbit
  5818 | D:9      | Killed Prince Ribbit
  6140 | D:9      | Noticed Grum
  6145 | D:9      | Reached skill level 13 in Armour
  6152 | D:9      | Killed Grum
  6301 | D:10     | Entered Level 10 of the Dungeon
  6413 | D:10     | Found a staircase to the Orcish Mines.
  6437 | D:10     | Engulfed by a cloud of freezing vapour

Vault maps used:
D:1:      lightli_arrival_windingriver, minmay_rat_gold_closets
D:2:      nicolae_overflow_hidden_temple, first_bread, uniq_iyjb
D:3:      uniq_crazy_yiuf_cottage
D:4:      evilmike_ruin_ashenzari, temple_doors_e, roderic_lattice_a
D:5:      cheibriados_altar_1, uniq_duvessa, uniq_pikel, uniq_blork_the_orc
D:6:      gammafunk_temple_overflow_wave, uniq_menkaure
D:8:      basic_altar, uniq_joseph
D:9:      grunt_ogre_cave, nicolae_gozag_cash_rules_everything_around_me,
          uniq_prince_ribbit1, uniq_grum
D:10:     lemuel_ice_spiral_2, orc_0_dummy, introduction_to_nature_2

Action                   |  1- 3 |  4- 6 |  7- 9 | 10-12 || total
-------------------------+-------+-------+-------+-------++-------
Melee: Mace              |    69 |       |       |       ||    69
       Hand axe          |       |   139 |   274 |   141 ||   554
       War axe           |       |       |       |     3 ||     3
Invok: Trog's Hand       |       |     1 |     4 |     6 ||    11
  Use: Scroll            |       |       |     1 |     1 ||     2
  Eat: Chunk             |       |     5 |    10 |     5 ||    20
       Pizza             |       |       |       |     1 ||     1
